cohdb
Replays
Latest Replays
All Replays
Popular Replays
Top Player Replays
Match Explorer
How It Works
Community
CoH3 Stats
Reddit
Sign in to upload your games and track your stats! →
Sign in with Steam
Match 39966109
Unlisted
Match 39966109
Overview
Messages
Build Orders
End
Kettenkrad Recon Vehicle
Construct Infanterie Kompanie
Grenadier Squad
Selects Mechanized Battlegroup
Grenadier Squad
Sniper
Construct Panzergrenadier Kompanie
251 Medium Carrier
Pioneer Squad
Selects Raid Package
Medical Station
MG 42 Machine Gun Team
Pak 40 Anti-tank Gun Team
Selects StuG Assault Group
StuG Assault Group
Grenadier Squad
Sauzer88
20k keks under the sea
Heileif
b0nna
0
0
Comments
sign in to comment!
No comments posted yet!